 Dungeon Crawl Stone Soup version 0.30-a0-715-gdb4ae3ece1 (console) character file.

Game seed: 11194294915063127436

3 Ignak the Magician (level 1, 13/13 HPs)
             Began as a Mummy Hedge Wizard on Jan 22, 2023.
             Quit the game on level 1 of the Dungeon on Jan 24, 2023.
             The game lasted 00:02:50 (201 turns).

Ignak the Magician (Mummy Hedge Wizard)              Turns: 201, Time: 00:02:50

Health: 13/13      AC:  2    Str: 13    XL:     1   Next: 41%
Magic:  5/5        EV: 12    Int: 13    God:
Gold:   28         SH:  0    Dex: 11    Spells: 7/8 levels left

rFire   x . .      SeeInvis .    a - +0 dagger
rCold   + . .      Faith    +    (no shield)
rNeg    + + +      Spirit   .    b - +0 robe
rPois   ∞          Reflect  .    c - +0 hat
rElec   .          Harm     .    (no cloak)
rCorr   .          Rampage  .    (no gloves)
Will    .....                    (no boots)
Stlth   ++                       (no amulet)
HPRegen 0.22/turn                (no ring)
MPRegen 0.09/turn                (no ring)

@: no status effects
A: cold resistance 1, negative energy resistance 3, torment resistance 2, heat
vulnerability 1, no potions, faith
a: no special abilities


You were on level 1 of the Dungeon.
You visited 1 branch of the dungeon, and saw 1 of its levels.

You collected 28 gold pieces.

Inventory:

Hand Weapons
 a - a +0 dagger (weapon)
Armour
 b - a +0 robe (worn)
 c - a +0 hat (worn)
Scrolls
 d - a scroll of identify {unknown}
 e - a scroll of fog {unknown}


   Skills:
 + Level 1.6 Dodging
 + Level 1.6 Stealth
 + Level 4.0 Spellcasting
 + Level 0.8 Conjurations
 + Level 0.8 Summonings
 + Level 0.8 Translocations


You had 7 spell levels left.
You knew the following spells:

 Your Spells              Type           Power      Damage    Failure   Level
a - Magic Dart            Conj           16%        1d3       14%         1

Your spell library contained the following spells:

 Spells                   Type           Power      Damage    Failure   Level
 Slow                     Hex            8%         N/A       21%         1
 Blink                    Tloc           8%         N/A       22%         2
 Call Imp                 Summ           4%         N/A       22%         2
 Cigotuvi's Dreadful Rot  Necr/Pois/Air  4%         N/A       30%         2
 Mephitic Cloud           Conj/Pois/Air  3%         N/A       50%         3


Dungeon Overview and Level Annotations

Branches:
Dungeon (1/15)

Altars:


Innate Abilities, Weirdness & Mutations

You are immune to poison.
Your flesh is cold resistant. (rC+)
You are immune to negative energy. (rN+++)
You are immune to unholy pain and torment.
You are vulnerable to heat. (rF-)
You do not drink.
You have a special connection with the divine. (Faith)


Message History

The bat is severely wounded.
The bat hits you but does no damage. The bat completely misses you.
You closely miss the bat.
The bat is severely wounded.
The bat closely misses you.
You hit the bat but do no damage.
The bat is severely wounded.
The bat hits you but does no damage.
You hit the bat but do no damage.
The bat is moderately wounded.
The bat hits you but does no damage. The bat misses you. x2
You closely miss the bat.
The bat is moderately wounded.
The bat hits you but does no damage.
You hit the bat.
The bat is moderately wounded.
The bat hits you but does no damage. The bat closely misses you.
The bat barely misses you.
You closely miss the bat.
The bat is moderately wounded.
The bat barely misses you. The bat hits you but does no damage.
You miss the bat.
The bat is moderately wounded.
The bat closely misses you. The bat barely misses you.
You hit the bat but do no damage.
The bat is moderately wounded.
The bat barely misses you. The bat closely misses you.
You hit the bat.
You kill the bat!
You now have 28 gold pieces (gained 13).
You see here a purple potion.
You see here a +0 flail.
You see here a +0 flail.
You see here a +0 flail.
Are you sure you want to abandon this character and quit the game? (Confirm with "yes".)

## # ..#.# ##### ....#
....# ########....# ....#
#.......#..# ....# #.#
#...#..#####
....######.###...........
#+#.........##...........
..#.........##..@........
###.....†................
.....>.......#!..#+####+#
###..........#...#
###..........#...#
.†'.........##.#.#
###..............#
######...#.#.###
....#.#.#


There were no monsters in sight!

Vanquished Creatures
  2 bats (D:1)
  A giant cockroach (D:1)
3 creatures vanquished.

Notes
Turn   | Place    | Note
-------+----------+-------------------------------------------
     0 | D:1      | Ignak the Mummy Hedge Wizard began the quest for the Orb.
     0 | D:1      | Reached XP level 1. HP: 13/13 MP: 5/5
   143 | D:1      | Upgraded the game from 0.30-a0-709-gcdc1b43e22 to
                  | 0.30-a0-715-gdb4ae3ece1
   201 | D:1      | Quit the game

Illustrated notes

Levels and vault maps discovered:
D:1:      wander_arrival_desolate, layout_basic, serial_bayou_lagoon_a

Action                     || total
---------------------------++-------
  Melee: Dagger            ||    24
   Cast: Magic Dart        ||     2
   Stab: Sleeping          ||     1
 Armour: Robe              ||    14
  Dodge: Dodged            ||    20

Table legend: (Time is in decaauts)
 A = Elapsed time spent in this place.
 B = Non-inter-level travel time spent in this place.
 C = Inter-level travel time spent in this place.
 D = Time resting spent in this place.
 E = Time spent auto-exploring this place.
 F = Levels seen in this place.
 G = Mean time per level.
                   A        B        C        D        E       F      G
               +--------+--------+--------+--------+--------+-----+--------+
         Total |    201 |    201 |      0 |      0 |     99 |   1 |  201.0 |
       Dungeon |    201 |    201 |      0 |      0 |     99 |   1 |  201.0 |
               +--------+--------+--------+--------+--------+-----+--------+

Top non-repeatable levels by time:
     D:1: 201 daAuts
